 Dungeon Crawl Stone Soup version 0.28-a0-723-g095bd1b44f (webtiles) character file.

Game seed: 13862704447990194315

0 meatgazer the Skirmisher (level 1, -11/15 HPs)
             Began as a Draconian Abyssal Knight on Oct 25, 2021.
             Was a Follower of Lugonu.
             Killed from afar by a wretched star (21 damage)
             ... with a lance of force
             ... on level 1 of the Abyss.
             The game lasted 00:00:06 (114 turns).

meatgazer the Skirmisher (Draconian Abyssal Knight)  Turns: 114, Time: 00:00:08

Health: -11/15     AC:  4    Str: 11    XL:     1   Next: 0%
Magic:  2/2        EV: 11    Int: 10    God:    Lugonu [*.....]
Gold:   0          SH:  0    Dex:  7    Spells: 0/0 levels left

rFire   . . .      SeeInvis .   a - +1 spear
rCold   . . .      Faith    .   (no shield)
rNeg    . . .      Spirit   .   (armour unavailable)
rPois   .          Reflect  .   (helmet restricted)
rElec   .          Harm     .   (no cloak)
rCorr   .          Rampage  .   (no gloves)
Will    .....      Rage     3%  (no boots)
Stlth   +.........              (no amulet)
HPRegen 0.05/turn               (no ring)
MPRegen 0.08/turn               (no ring)

@: unable to read
A: AC +4, unfitting armour, cold-blooded, [berserk 2], [clumsy 2], [frail 2],
[screaming 2], [weak 2], [inability to read while threatened]
a: Renounce Religion, Depart the Abyss


You were on level 1 of the Abyss.
You worshipped Lugonu.
Lugonu was aware of your devotion.
You visited 0 branches of the dungeon, and saw 0 of its levels.
You visited the Abyss 1 time.

Inventory:

Hand Weapons
 a - a +1 spear (weapon)
Scrolls
 b - a scroll of fog {unknown}


   Skills:
 + Level 3.2 Fighting
 + Level 2.0 Polearms
 + Level 2.1 Dodging
 + Level 2.0 Invocations


You couldn't memorise any spells.
You didn't know any spells.
Your spell library was empty.

Dungeon Overview and Level Annotations

Branches:
Dungeon (0/15)

Altars:


Innate Abilities, Weirdness & Mutations

Your plain brown scales are hard. (AC +4)
You cannot fit into any form of body armour.
You are cold-blooded and may be slowed by cold attacks.
[You often lose your temper in combat.]
[You are very clumsy. (Dex -4)]
[You are very frail. (-20% HP)]
[You frequently scream uncontrollably at your foes.]
[You are very weak. (Str -4)]
[You sometimes lose the ability to read scrolls when taking damage.]


Message History

A lurking horror comes into view.
You closely miss the lurking horror.
Your body is wracked with pain!
You reach to attack!
You closely miss the wretched star. You hit the wretched star.
You tail-slap the wretched star, but do no damage.
The wretched star is lightly damaged.
A glowing orange brain comes into view.
The wretched star glows turbulently.
The lance of force misses you.
You closely miss the wretched star.
The wretched star is lightly damaged.
The glowing orange brain turns its attention towards you.
The wretched star pulses with an eldritch light!
You lose the ability to read scrolls when threatened.
You feel the urge to shout.
You feel a strong urge to scream.
You hit the wretched star but do no damage.
The wretched star pulses with an eldritch light!
You feel a little pissed off.
You feel angry.
You hit the wretched star but do no damage.
The glowing orange brain pulsates.
You barely miss the wretched star.
The wretched star pulses with an eldritch light!
You feel clumsy. x2; You feel frail. x2
You hit the glowing orange brain. You tail-slap the glowing orange brain.
The glowing orange brain is heavily wounded.
The glowing orange brain pulsates.
Something tries to feed on your intellect!
The wretched star pulses with an eldritch light!
You feel weaker. x2
You hit the glowing orange brain.
The glowing orange brain is heavily wounded.
The glowing orange brain blinks!
You closely miss the smoke demon. The smoke demon closely misses you.
The smoke demon hits you but does no damage.
The smoke demon hits you.
The wretched star glows turbulently.
The lance of force hits you!!
You feel threatened and lose the ability to read scrolls!
Ouch! That really hurt!
You die...

...###. .. .
##..## . .
..#.#.#.# ...##
#. # . .
.#......#..
#.....#. . # ..
.##.# .#.
###..... # .#.#
.##...#.#.#....
. . ..
##.#..#.#..#....
. . ..#.#
#.##.#.. .... .
.. ...# . #
.#...# . . ..#.
.. ##....##@#
#..#... .#. #3*#
.# ######...
..... ...###.
..#. .. ..G#. .#
...... #


You could see a wretched star, a glowing orange brain and a smoke demon
(summoned).

Vanquished Creatures (others)
  A lurking horror (Abyss:1)
1 creature vanquished.

Notes
Turn   | Place    | Note
-------+----------+-------------------------------------------
     0 | Abyss:1  | meatgazer the Draconian Abyssal Knight began the quest for
                  | the Orb.
     0 | Abyss:1  | Reached XP level 1. HP: 19/19 MP: 2/2
   105 | Abyss:1  | Noticed a wretched star
   107 | Abyss:1  | Noticed a glowing orange brain
   111 | Abyss:1  | Noticed a smoke demon
   114 | Abyss:1  | Killed from afar by a wretched star

Illustrated notes

Levels and vault maps discovered:
Abyss:1:  base: Temple, patterned_corridor, minivault_23, base: Temple,
          minivault_26

Action                   || total
-------------------------++-------
Melee: Spear             ||    10
       Tailslap          ||     2
Armor: Skin              ||     1
Dodge: Dodged            ||     2

Table legend: (Time is in decaauts)
 A = Elapsed time spent in this place.
 B = Non-inter-level travel time spent in this place.
 C = Inter-level travel time spent in this place.
 D = Time resting spent in this place.
 E = Time spent auto-exploring this place.
 F = Levels seen in this place.
 G = Mean time per level.
                   A        B        C        D        E       F      G
               +--------+--------+--------+--------+--------+-----+--------+
         Total |    114 |    114 |      0 |      0 |     97 |   1 |  114.0 |
         Abyss |    114 |    114 |      0 |      0 |     97 |   1 |  114.0 |
               +--------+--------+--------+--------+--------+-----+--------+

Top non-repeatable levels by time:
 Abyss:1: 114 daAuts
